 Dungeon Crawl Stone Soup version 0.25.0-41-g26779e291d (webtiles) character file.

Game seed: 14497321162484373043

22 Ijustatesigmund the Chopper (level 2, -2/20 HPs)
             Began as an Octopode Gladiator on July 10, 2020.
             Slain by a leopard gecko (4 damage)
             ... on level 1 of the Dungeon.
             The game lasted 00:01:49 (897 turns).

Ijustatesigmund the Chopper (Octopode Gladiator)     Turns: 897, Time: 00:01:50

Health: -2/20      AC:  1    Str: 13    XL:     2   Next: 91%
Magic:  2/2        EV: 14    Int: 10    God:
Gold:   49         SH:  0    Dex: 13    Spells: 1/1 levels left

rFire    . . .     SeeInvis .   a - +0 war axe
rCold    . . .     Gourm    .   (no shield)
rNeg     . . .     Faith    .   b - +0 hat
rPois    .         Spirit   .   (no amulet)
rElec    .         Reflect  .   (no ring)
rCorr    .         Harm     .   (no ring)
MR       .....                  (no ring)
Stlth    ++........             (no ring)
HPRegen  0.06/turn              (no ring)
MPRegen  0.08/turn              (no ring)
                                (no ring)
                                (no ring)

@: no status effects
A: almost no armour, stealthy swim, amphibious, 8 rings, constrict 8, camouflage
1, gelatinous body 1
a: no special abilities


You were on level 1 of the Dungeon.
You were not hungry.

You visited 1 branch of the dungeon, and saw 1 of its levels.

You collected 49 gold pieces.

Inventory:

Hand Weapons
 a - a +0 war axe (weapon)
Missiles
 c - a throwing net (quivered)
Armour
 b - a +0 hat (worn)
Scrolls
 e - 2 scrolls of remove curse
Potions
 g - a potion of lignification {unknown}
 h - a potion of curing {unknown}
Comestibles
 d - 3 rations


   Skills:
 + Level 2.7 Fighting
 + Level 3.5 Axes
 - Level 2.0 Throwing
 - Level 3.0 Dodging


You had one spell level left.
You didn't know any spells.
Your spell library was empty.

Dungeon Overview and Level Annotations

Branches:
Dungeon (1/15)

Altars:


Innate Abilities, Weirdness & Mutations

You cannot wear most types of armour.
You are very stealthy in the water. (Stealth+)
You are amphibious.
You can wear up to eight rings at the same time.
You can use your tentacles to constrict eight enemies at once.
Your skin changes colour to match your surroundings (Stealth+).
Your rubbery body absorbs attacks. (AC +1, EV +1)


Message History

You throw a throwing net.
The throwing net closely misses the leopard gecko.
The throwing net closely misses the frilled lizard.
The throwing net barely misses the frilled lizard.
The leopard gecko bites you.
* * * LOW HITPOINT WARNING * * *
Throwing (i - inventory)
c - 2 throwing nets (quivered)
Press: ? - help, Shift-Dir - straight line, f/p - leopard gecko
Aim: a leopard gecko (inner flame)
You throw a throwing net.
The throwing net hits the leopard gecko.
The leopard gecko is caught in the net!
The leopard gecko struggles against the net. x2
The leopard gecko struggles against the net.
The leopard gecko struggles against the net.
The net rips apart, and the leopard gecko comes free!
You miss the leopard gecko. Your grab misses the leopard gecko.
Your squeeze misses the leopard gecko. The leopard gecko barely misses you.
The leopard gecko bites you.
You die...

#.# #..# ****#.### *.# ### #.#
#..# #.# *.# #.# #(.# *,* *,* #.#
#..########*,* *,*
#.###.)........,,* *,* ###
......#########*** *,*#######..
..##### *,,......... .....##
###############.... ..###.##
#.@lll.†.(####....÷
..####.########.####.##..........
..............###*#P.#######.....
.##.##.########,,PP.l# ##....
....#.## **,P...P# ##.>. ##...##
*....P.##*******##.. ##.##
####P(..*,,,,,,,,.... #.#
#..#####*,,,,***#####
#.#########..# **,,,*


You could see a leopard gecko (inner flame) and 2 frilled lizards.

Vanquished Creatures
  2 leopard geckos (D:1)
  2 bats (D:1)
  A giant cockroach (D:1)
  3 goblins (D:1)
  3 hobgoblins (D:1)
  6 frilled lizards (D:1)
  3 rats (D:1)
20 creatures vanquished.

Notes
Turn   | Place    | Note
-------+----------+-------------------------------------------
     0 | D:1      | Ijustatesigmund the Octopode Gladiator began the quest for
                  | the Orb.
     0 | D:1      | Reached XP level 1. HP: 14/14 MP: 1/1
   235 | D:1      | Reached XP level 2. HP: 19/20 MP: 2/2
   897 | D:1      | Slain by a leopard gecko

Illustrated notes

Levels and vault maps discovered:
D:1:      minmay_arrival_shattered_statue, layout_loops_ring,
          minmay_misc_feat_five, minmay_lizard_king

Action                   || total
-------------------------++-------
Melee: War axe           ||    35
       Constrict         ||     8
       Tentacles         ||     5
Throw: Throwing net      ||     2
  Use: Scroll            ||     4
 Stab: Sleeping          ||     3
Dodge: Dodged            ||    33
